 Dungeon Crawl Stone Soup version 0.24.0-123-gd5b16e6ec5 (webtiles) character file.

Game seed: 1949147764065339120, levelgen mode: deterministic

19 mortelune the Firebug (level 2, -1/15 HPs)
             Began as a Gargoyle Fire Elementalist on Jan 3, 2020.
             Slain by a leopard gecko (3 damage)
             ... on level 2 of the Dungeon.
             The game lasted 00:01:19 (572 turns).

mortelune the Firebug (Gargoyle Fire Elementalist)   Turns: 572, Time: 00:01:19

Health: -1/15      AC:  4    Str: 11    XL:     2   Next: 75%
Magic:  1/5        EV: 12    Int: 15    God:
Gold:   28         SH:  0    Dex: 10    Spells: 4/5 levels left

rFire    . . .     SeeInvis .   b - +1 whip (venom)
rCold    . . .     Gourm    .   (no shield)
rNeg     + . .     Faith    .   a - +0 robe
rPois    ∞         Spirit   .   (no helmet)
rElec    +         Reflect  .   (no cloak)
rCorr    .         Harm     .   (no gloves)
MR       .....                  (no boots)
Stlth    ++........             (no amulet)
HPRegen  0.05/turn              (no ring)
MPRegen  0.09/turn              (no ring)

@: no status effects
A: negative energy resistance 1, electricity resistance, unbreathing,
petrification resistance, rot immunity, AC +2
a: no special abilities


You were on level 2 of the Dungeon.
You were not hungry.

You visited 1 branch of the dungeon, and saw 2 of its levels.

You collected 28 gold pieces.

Inventory:

Hand Weapons
 b - a +1 whip of venom (weapon)
Armour
 a - a +0 robe (worn)
Scrolls
 f - 2 scrolls of enchant armour {unknown}
 g - 2 scrolls of identify {unknown}
 j - a scroll of teleportation {unknown}
Potions
 e - a potion of curing {unknown}
 h - 2 potions of flight {unknown}
 i - a potion of mutation {unknown}
Comestibles
 c - a ration


   Skills:
 - Level 1.5 Dodging
 - Level 2.1 Stealth
 + Level 2.2 Spellcasting
 * Level 2.0 Conjurations
 * Level 3.4 Fire Magic


You had 4 spell levels left.
You knew the following spells:

 Your Spells              Type           Power        Failure   Level  Hunger
a - Flame Tongue          Conj/Fire      #....        7%          1    #......

Your spell library contained the following spells:

 Spells                   Type           Power        Failure   Level  Hunger
 Throw Flame              Conj/Fire      #.....       11%         2    ###....
 Conjure Flame            Conj/Fire      #.......     22%         3    ###....
 Inner Flame              Hex/Fire       #.......     32%         3    ###....
 Sticky Flame             Conj/Fire      #.......     56%         4    #####..
 Fireball                 Conj/Fire      #.........   89%         5    ######.


Dungeon Overview and Level Annotations

Branches:
Dungeon (2/15)

Altars:


Innate Abilities, Weirdness & Mutations

You are resistant to torment.
Your stone body is resilient. (AC +2)
You are immune to poison.
You resist negative energy. (rN+)
You are resistant to electric shocks. (rElec)
You can survive without breathing.
You are immune to petrification.
You are immune to rotting.


Message History

Your Conjurations skill increases to level 2!
The leopard gecko bites you but does no damage.
The leopard gecko bites you.
* * * LOW HITPOINT WARNING * * *
Casting: Flame Tongue (safe; 7% risk of failure)
Confirm with . or Enter, or press ? or * to list all spells.
Aiming: Flame Tongue (safe; 7% risk of failure)
Press: ? - help, Shift-Dir - straight line, f/p - leopard gecko
Aim: a leopard gecko (lightly wounded, clinging)
The flame tongue misses the leopard gecko.
The leopard gecko closely misses you.
Casting: Flame Tongue (safe; 7% risk of failure)
Confirm with . or Enter, or press ? or * to list all spells.
Aiming: Flame Tongue (safe; 7% risk of failure)
Press: ? - help, Shift-Dir - straight line, f/p - leopard gecko
Aim: a leopard gecko (lightly wounded, clinging)
The flame tongue hits the leopard gecko.
The leopard gecko is heavily wounded.
The leopard gecko bites you.
You die...

####.#### # .$....>#. ..
........# .# .....#.##
.#####
#########...#..##......
#........#..........###.
#).......#..##..........
#.......†.l@............
#...(....##..##.<####<.
#........#.......#
....##...........# ...
.)............. ..
................ .
...............###
................
........#


You could see a leopard gecko.

Vanquished Creatures
  A dart slug (D:1)
  A leopard gecko (D:1)
  2 goblins (D:1)
  3 hobgoblins
  3 kobolds
  2 frilled lizards (D:1)
  3 rats (D:1)
15 creatures vanquished.

Notes
Turn   | Place    | Note
-------+----------+-------------------------------------------
     0 | D:1      | mortelune the Gargoyle Fire Elementalist began the quest
                  | for the Orb.
     0 | D:1      | Reached XP level 1. HP: 10/10 MP: 3/3
   113 | D:1      | Reached XP level 2. HP: 14/15 MP: 5/5
   572 | D:2      | Slain by a leopard gecko

Levels and vault maps discovered:
D:1:      dpeg_arrival_rooms_c, layout_rooms, minmay_misc_feat_chi
D:2:      layout_rooms, overflow_temple_1_default,
          grunt_temple_overflow_growth_and_decay, uniq_terence

Skill      XL: |  1  2 |
---------------+-------+-----
Conjurations   | 2 |  2.0
Dodging        | |  1.5
Stealth        | |  2.1
Spellcasting   | |  2.2
Fire Magic     | |  3.4

Action                   || total
-------------------------++-------
Melee: Whip              ||    37
 Cast: Flame Tongue      ||     8
 Stab: Sleeping          ||     1
Armor: Robe              ||    13
Dodge: Dodged            ||    26
